 Dungeon Crawl Stone Soup version 0.30.0-20-g3615ddf2f0 (webtiles) character file.

Game seed: 5214245595215221819

1698 qw the Cleaver (level 9, -3/55 HPs)
             Began as a Gargoyle Fighter on June 1, 2023.
             Slain by a shadow (10 damage)
             ... on level 5 of the Dungeon.
             The game lasted 00:02:17 (4434 turns).

qw the Cleaver (Gargoyle Fighter)                   Turns: 4434, Time: 00:02:18

Health: -3/55      AC: 14    Str: 24    XL:     9   Next: 3%
Magic:  9/9        EV:  9    Int:  9    God:
Gold:   114        SH:  4    Dex:  9    Spells: 8/8 levels left

rFire   . . .        Y - +0 war axe
rCold   . . .        c - +0 buckler
rNeg    + . .        b - +0 scale mail
rPois   inf          (no helmet)
rElec   +            (no cloak)
rCorr   .            p - +0 pair of gloves
SInv    .            (no boots)
Will    .....        (no amulet) Stlth
                     (no ring)
HPRegen 0.29/turn    (no ring)
MPRegen 0.11/turn

%: no passive effects
@: no status effects
A: sickness immunity, AC +6, negative energy resistance 1, electricity
resistance, torment resistance 1, petrification resistance
a: no special abilities


You were on level 5 of the Dungeon.
You visited 1 branch of the dungeon, and saw 5 of its levels.

You collected 268 gold pieces.
You spent 154 gold pieces at shops.


Innate Abilities, Weirdness & Mutations

You are immune to sickness and miasma.
Your stone body is resilient. (AC +6)
You are immune to poison.
You resist negative energy. (rN+)
You are resistant to electric shocks. (rElec)
You are resistant to unholy torment.
You are immune to petrification.


   Skills:
 - Level 6.0 Fighting
 - Level 9.2 Axes
 - Level 1.6 Throwing
 - Level 3.2 Armour
 - Level 1.0 Dodging
 + Level 3.5 Shields


You had 8 spell levels left.
You didn't know any spells.
Your spell library was empty.

Inventory:

Hand Weapons
 s - a +1 spectral club
 Y - a +0 war axe (weapon)
Missiles
 n - 6 boomerangs (quivered)
Armour
 b - a +0 scale mail (worn)
 c - a +0 buckler (worn)
 p - a +0 pair of gloves (worn)
 r - the +0 leather armour of Resilience {rC+}
   (You bought it in a shop on level 4 of the Dungeon)

   rC:        It protects you from cold.
 t - a +0 chain mail
Jewellery
 f - a ring of fire
 j - a ring of protection from fire
Wands
 a - a wand of digging (4)
Scrolls
 m - a scroll of blinking {unknown}
 q - 2 scrolls of identify
Potions
 d - a potion of might
 e - a potion of magic {unknown}
 g - a potion of mutation {unknown}
 h - a potion of heal wounds {unknown}
 i - a potion of curing
 k - 2 potions of haste
 l - a potion of ambrosia {unknown}
 o - 2 potions of flight {unknown}

Dungeon Overview and Level Annotations

Branches:
Dungeon (5/15)
 Temple: D:4-7

Altars:
Hepliaklqana
Qazlal
Trog
Wu Jian
Xom

Shops:
D:4 [

Annotations:
D:5 4 runed translucent doors


Message History

The adder hisses angrily.
The orc hits you but does no damage.
You hit the orc.
The orc is heavily wounded.
The orc hits you but does no damage.
You hit the orc.
The orc is severely wounded.
The orc hits you with a +0 short sword.
You slash the orc!
You kill the orc!
You hit the shadow.
The shadow is lightly damaged.
The shadow hits you.
You closely miss the shadow.
The shadow is lightly damaged.
The shadow hits you!
You completely miss the shadow.
The shadow is lightly damaged.
The shadow hits you.
You slash the shadow!
The shadow is moderately damaged.
The shadow barely misses you.
The shadow slips into darkness.
The shadow flickers and vanishes!
Deactivating autopickup; reactivate with Ctrl-A.
You hit something but do no damage.
The shadow strikes at you from the darkness!
Ouch! That really hurt!
Reactivating autopickup.
You slash the shadow!
The shadow is almost destroyed.
The shadow barely misses you.
You hit the shadow.
The shadow is almost destroyed.
The shadow slips into darkness.
The shadow flickers and vanishes!
Deactivating autopickup; reactivate with Ctrl-A.
You closely miss something.
The shadow strikes at you from the darkness!
You die...

#...........#.....#....#
#.. #...........#.....#....
#.. #...........#....##...#
#..
#..........##....##...#####
#..
#..........#......#........
#..
#..........#......#........
#..
#.........(.......#........
#..
#.........######..#........
#..
#........##.S{@##..'###.###
#..
######.#.#.####.#....##.##
#.. #...# #)#..#........##
#.. ##..# ##.#.'.##++##..#
#.. ##.# #######8T.8##.#
#.. #.## #8....8#.# #..
#..# #[....[#.# #..
##..###### #?....}#.###..
#..##.#..# #8....8#......


You could see an adder.

Vanquished Creatures
  A two-headed ogre (D:5)
  Grinder (D:5)
  Prince Ribbit (D:5)
  2 black bears
  An ogre (D:5)
  2 hounds
  3 iguanas
  Ijyb (D:5)
  An orc wizard (D:4)
  Natasha (thrice) (D:3)
  A gnoll (D:5)
  7 adders
  A shadow imp (D:5)
  A white imp (D:5)
  An ufetubus (D:5)
  2 worms
  6 dart slugs
  6 orcs
  8 bats
  3 endoplasms
  5 giant cockroaches
  6 hobgoblins
  7 jackals
  7 kobolds
  2 quokkas
  9 ball pythons
  3 frilled lizards
  8 goblins
  6 rats
105 creatures vanquished.

Notes
Turn   | Place    | Note
-------+----------+-------------------------------------------
     0 | D:1      | qw the Gargoyle Fighter began the quest for the Orb.
     0 | D:1      | Reached XP level 1. HP: 14/14 MP: 1/1
     0 | D:1      | 0 ||| qw: Version: 0.2-a-102-gfc559e5
     0 | D:1      | 0 ||| qw: Game counter: 648
     0 | D:1      | 0 ||| qw: Always use a shield: true
     0 | D:1      | 0 ||| qw: God list: Okawaru
     0 | D:1      | 0 ||| qw: Allow faded altars: false
     0 | D:1      | 0 ||| qw: Do Orc after D:15 true
     0 | D:1      | 0 ||| qw: Do second Lair branch before Depths: true
     0 | D:1      | 0 ||| qw: Lair rune preference: random
     0 | D:1      | 0 ||| qw: Plans: Normal, Zot:1-4, Slime:5, God:TSO, Crypt,
                  | Tomb, Pan, Hells, Abyss, Win
     0 | D:1      | 0 ||| PLANNING D:1-11
   128 | D:1      | Reached skill level 2 in Axes
   278 | D:1      | Reached XP level 2. HP: 19/19 MP: 2/2
   622 | D:1      | 622 ||| Stepping ~*~*~tactically~*~*~ (stealth).
   656 | D:1      | Reached skill level 3 in Axes
   699 | D:1      | Reached XP level 3. HP: 23/23 MP: 3/3
   807 | D:1      | 807 ||| READING 2 scrolls labelled BUCVOU WES NED.
   824 | D:1      | 824 ||| READING scroll labelled ROISUT DILEO.
   829 | D:1      | 829 ||| READING scroll labelled DAKLENLEKHIM.
   830 | D:1      | 830 ||| READING scroll labelled EQOYVU XUVI.
   831 | D:1      | 831 ||| DROPPING scroll of torment.
  1074 | D:2      | 1074 ||| DROPPING +0 club.
  1138 | D:2      | 1138 ||| Stepping ~*~*~tactically~*~*~ (hiding).
  1139 | D:2      | 1139 ||| Stepping ~*~*~tactically~*~*~ (hiding).
  1162 | D:2      | 1162 ||| Stepping ~*~*~tactically~*~*~ (stealth).
  1163 | D:2      | 1163 ||| Stepping ~*~*~tactically~*~*~ (stealth).
  1171 | D:2      | 1171 ||| Stepping ~*~*~tactically~*~*~ (stealth).
  1441 | D:2      | 1441 ||| READING scroll labelled FAUSTA VUTSIA.
  1447 | D:3      | Noticed Natasha
  1455 | D:3      | Killed Natasha
  1456 | D:3      | Reached skill level 4 in Axes
  1456 | D:3      | Reached XP level 4. HP: 13/28 MP: 4/4
  1561 | D:3      | 1561 ||| Stepping ~*~*~tactically~*~*~ (hiding).
  1565 | D:3      | 1565 ||| Stepping ~*~*~tactically~*~*~ (hiding).
  1567 | D:3      | 1567 ||| Stepping ~*~*~tactically~*~*~ (hiding).
  1624 | D:3      | 1624 ||| Stepping ~*~*~tactically~*~*~ (stealth).
  1625 | D:3      | 1625 ||| Stepping ~*~*~tactically~*~*~ (stealth).
  1627 | D:3      | 1627 ||| Stepping ~*~*~tactically~*~*~ (hiding).
  1628 | D:3      | 1628 ||| Stepping ~*~*~tactically~*~*~ (hiding).
  1761 | D:3      | Noticed Natasha
  1776 | D:3      | Killed Natasha
  1948 | D:3      | 1948 ||| Stepping ~*~*~tactically~*~*~ (stealth).
  1948 | D:3      | Noticed Natasha
  1961 | D:3      | Killed Natasha
  1962 | D:3      | Reached XP level 5. HP: 26/32 MP: 5/5
  1985 | D:3      | 1985 ||| Stepping ~*~*~tactically~*~*~ (stealth).
  1986 | D:3      | 1986 ||| Stepping ~*~*~tactically~*~*~ (stealth).
  2011 | D:3      | 2011 ||| Stepping ~*~*~tactically~*~*~ (stealth).
  2014 | D:3      | 2014 ||| Stepping ~*~*~tactically~*~*~ (stealth).
  2015 | D:3      | 2015 ||| Stepping ~*~*~tactically~*~*~ (stealth).
  2045 | D:3      | HP: 7/32 [iguana (5)]
  2048 | D:3      | Reached skill level 5 in Axes
  2278 | D:3      | Found a hazy altar of Hepliaklqana.
  2354 | D:3      | 2354 ||| READING scroll labelled MELLAZ BENEEP.
  2355 | D:3      | 2355 ||| READING scroll labelled OGEDEY VUFUU.
  2490 | D:4      | Reached XP level 6. HP: 34/38 MP: 6/6
  2504 | D:4      | 2504 ||| Stepping ~*~*~tactically~*~*~ (hiding).
  2528 | D:4      | 2528 ||| Stepping ~*~*~tactically~*~*~ (hiding).
  2581 | D:4      | Reached skill level 1 in Dodging
  2752 | D:4      | Found a bloodstained altar of Trog.
  2779 | D:4      | Found an ornate altar of the Wu Jian Council.
  2804 | D:4      | Found Zareit's Antique Armour Boutique.
  2814 | D:4      | 2814 ||| BUYING amethyst-encrusted leather armour (154
                  | gold).
  2814 | D:4      | Bought an amethyst-encrusted leather armour for 154 gold
                  | pieces
  2814 | D:4      | Identified the +0 leather armour of Resilience {rC+} (You
                  | bought it in a shop on level 4 of the Dungeon)
  2814 | D:4      | 2814 ||| SHOPLISTING chain mail (99 gold, have 10).
  2814 | D:4      | 2814 ||| SHOPLISTING ice dragon scales (1320 gold, have
                  | 10).
  2814 | D:4      | 2814 ||| SHOPLISTING runed ring mail (154 gold, have 10).
  2814 | D:4      | 2814 ||| SHOPLISTING shiny orb (264 gold, have 10).
  2879 | D:4      | Noticed a black bear
  2880 | D:4      | 2880 ||| UPGRADING to +0 pair of gloves.
  2888 | D:4      | HP: 8/38 [black bear (4)]
  2889 | D:4      | Killed a black bear
  2890 | D:4      | Reached skill level 6 in Axes
  3002 | D:4      | Found a shimmering altar of Xom.
  3060 | D:4      | Found a stormy altar of Qazlal.
  3063 | D:4      | 3063 ||| Stepping ~*~*~tactically~*~*~ (hiding).
  3064 | D:4      | 3064 ||| Stepping ~*~*~tactically~*~*~ (hiding).
  3204 | D:4      | Identified the +3 short sword "Iskeef" {speed, rC- Dex+5}
  3361 | D:4      | 3361 ||| DROPPING amulet of magic regeneration.
  3362 | D:4      | 3362 ||| READING scroll labelled VETAASIMEY.
  3363 | D:4      | 3363 ||| DRINKING 2 bubbling orange potions.
  3364 | D:4      | 3364 ||| DRINKING 2 coppery potions.
  3365 | D:4      | 3365 ||| DROPPING potion of degeneration.
  3384 | D:5      | Entered Level 5 of the Dungeon
  3422 | D:5      | Reached XP level 7. HP: 43/43 MP: 7/7
  3435 | D:5      | Identified the staff of fire "Vemmivur" {rF+ Str+4 Dex+2}
  3457 | D:5      | 3457 ||| Stepping ~*~*~tactically~*~*~ (stealth).
  3464 | D:5      | 3464 ||| Stepping ~*~*~tactically~*~*~ (stealth).
  3692 | D:5      | Noticed Prince Ribbit
  3698 | D:5      | Killed Prince Ribbit
  3699 | D:5      | Reached skill level 7 in Axes
  3763 | D:5      | Found a large runed translucent door.
  3765 | D:5      | Found a large runed translucent door.
  3773 | D:5      | Noticed a troll
  3774 | D:5      | Noticed a yak
  3780 | D:5      | Found a large runed translucent door.
  3780 | D:5      | Found a large runed translucent door.
  3852 | D:5      | Noticed Ijyb
  3853 | D:5      | 3853 ||| Stepping ~*~*~tactically~*~*~ (hiding).
  3855 | D:5      | 3855 ||| Stepping ~*~*~tactically~*~*~ (hiding).
  3856 | D:5      | 3856 ||| Stepping ~*~*~tactically~*~*~ (hiding).
  3857 | D:5      | 3857 ||| Stepping ~*~*~tactically~*~*~ (hiding).
  3871 | D:5      | Killed Ijyb
  3989 | D:5      | 3989 ||| DROPPING +0 whip.
  3997 | D:5      | Noticed Grinder
  4008 | D:5      | 4008 ||| FLEEEEING.
  4009 | D:5      | 4009 ||| FLEEEEING.
  4010 | D:5      | 4010 ||| FLEEEEING.
  4011 | D:5      | 4011 ||| FLEEEEING.
  4012 | D:5      | 4012 ||| FLEEEEING.
  4013 | D:5      | 4013 ||| FLEEEEING.
  4017 | D:5      | 4017 ||| FLEEEEING.
  4024 | D:5      | Paralysed by Grinder for 2 turns
  4027 | D:5      | Killed Grinder
  4028 | D:5      | Reached XP level 8. HP: 26/51 MP: 8/8
  4129 | D:5      | Noticed a two-headed ogre
  4131 | D:5      | Reached skill level 1 in Throwing
  4136 | D:5      | HP: 11/51 [two-headed ogre/+0 giant club (14)]
  4138 | D:5      | HP: 2/51 [two-headed ogre/+0 giant club (10)]
  4141 | D:5      | Killed a two-headed ogre
  4142 | D:5      | Reached skill level 9 in Axes
  4150 | D:5      | Reached skill level 6 in Fighting
  4150 | D:5      | Reached XP level 9. HP: 6/55 MP: 9/9
  4431 | D:5      | HP: 6/55 [something (31)]
  4434 | D:5      | Slain by a shadow

Levels and vault maps discovered:
D:1:      tarquinn_simple_flora_water_f, layout_loops_ring, minivault_27,
          st_stairs_9, minmay_unequal
D:2:      layout_basic
D:3:      layout_rooms, mainiacjoe_overflow_catwalk, uniq_natasha
D:4:      layout_basic, tgw_xom, grunt_qazlal_sundering,
          mainiacjoe_overflow_swirl, serial_shops, nicolae_shop_dealshenge,
          minmay_statues_item
D:5:      layout_gridville, minmay_hollow_rounded_squares, uniq_ijyb,
          uniq_prince_ribbit1, uniq_grinder

Skill      XL: |  1  2  3  4  5  6  7  8 |
---------------+-------------------------+-----
Axes           | 2 3 4 5 6 7 9 |  9.2
Fighting       | 4 5 6 |  6.0
Dodging        | 1 |  1.0
Throwing       | 1 |  1.6
Armour         | |  3.2
Shields        | |  3.5

Action                     |  1- 3 |  4- 6 |  7- 9 || total
---------------------------+-------+-------+-------++-------
  Melee: War axe           |   117 |   144 |   103 ||   364
  Throw: Boomerang         |       |    24 |     7 ||    31
    Use: Scroll            |     5 |     3 |       ||     8
         Potion            |       |     2 |       ||     2
 Armour: Scale mail        |    64 |    90 |    55 ||   209
  Dodge: Dodged            |    47 |    78 |    46 ||   171
  Block: Buckler           |    22 |    27 |    12 ||    61

Table legend:
 A = Non-vault XP
 B = Vault XP
 C = Vault XP percentage of total XP
 D = Non-vault monster count
 E = Vault monster count
 F = Vault count percentage of total count
                 A         B        C        D         E       F
            +---------+---------+-------+---------+---------+-------
      Total |     614 |    1812 |  74.7 |      79 |      26 |  24.8
            +---------+---------+-------+---------+---------+-------
        D:1 |      37 |       7 |  15.9 |      20 |       6 |  23.1
        D:2 |      20 |       0 |   0.0 |      13 |       0 |   0.0
        D:3 |     168 |      35 |  17.2 |      23 |       1 |   4.2
        D:4 |     203 |     141 |  41.0 |      17 |       7 |  29.2
        D:5 |     186 |    1629 |  89.8 |       6 |      12 |  66.7
            +---------+---------+-------+---------+---------+-------
